 Dungeon Crawl Stone Soup version 0.31-a0-152-g6aa68a64a1 (webtiles) character file.

Game seed: 6287182584048570816

35 qw the Shield-Bearer (level 3, -1/23 HPs)
             Began as a Gargoyle Fighter on June 11, 2023.
             Slain by a gnoll
             ... wielding a +0 halberd
              (2 damage)
             ... on level 2 of the Dungeon.
             The game lasted 00:00:34 (1334 turns).

qw the Shield-Bearer (Gargoyle Fighter)             Turns: 1334, Time: 00:00:34

Health: -1/23      AC: 10    Str: 21    XL:     3   Next: 33%
Magic:  3/3        EV:  9    Int:  8    God:
Gold:   56         SH:  9    Dex:  9    Spells: 2/2 levels left

rFire   . . .        Y - +0 war axe
rCold   . . .        c - +0 buckler
rNeg    + . .        b - +0 scale mail
rPois   inf          (no helmet)
rElec   +            (no cloak)
rCorr   .            (no gloves)
SInv    .            (no boots)
Will    +....        o - amulet of reflection Stlth
                     f - ring of willpower
HPRegen 0.23/turn    (no ring)
MPRegen 0.08/turn

%: reflection
@: about to teleport
A: sickness immunity, AC +3, negative energy resistance 1, electricity
resistance, torment resistance 1, petrification resistance
a: no special abilities


You were on level 2 of the Dungeon.
You visited 1 branch of the dungeon, and saw 2 of its levels.

You collected 113 gold pieces.
You spent 57 gold pieces at shops.


Innate Abilities, Weirdness & Mutations

You are immune to sickness and miasma.
Your stone body is resilient. (AC +3)
You are immune to poison.
You resist negative energy. (rN+)
You are resistant to electric shocks. (rElec)
You are resistant to unholy torment.
You are immune to petrification.


   Skills:
 - Level 3.2 Fighting
 - Level 3.1 Axes
 + Level 0.9 Throwing
 - Level 3.2 Armour
 - Level 3.2 Shields


You had 2 spell levels left.
You didn't know any spells.
Your spell library was empty.

Inventory:

Hand Weapons
 p - a +0 whip
 Y - a +0 war axe (weapon)
Missiles
 k - 4 javelins (quivered)
Armour
 b - a +0 scale mail (worn)
 c - a +0 buckler (worn)
Jewellery
 f - a ring of willpower (left hand)
 o - an amulet of reflection (around neck)
Scrolls
 e - 2 scrolls of identify
 h - a scroll of magic mapping {unknown}
 i - 2 scrolls of enchant armour
Potions
 a - a potion of mutation {unknown}
 d - a potion of might
 j - a potion of enlightenment {unknown}
 l - a potion of lignification {unknown}

Dungeon Overview and Level Annotations

Branches:
Dungeon (2/15)

Altars:

Shops:
D:1 *   D:2 [


Message History

Found 5 stones.
Enter note:
Enter note: As you open the door, it creaks loudly!
There is an open door here.
e - 2 scrolls of identify (gained 1)
There is an open door here.
You open the door.
There is an open door here.
You now have 56 gold pieces (gained 16).
You open the door. 4 gnolls come into view.
A gnoll is wielding a +1 whip of electrocution.
The gnoll shouts! x4
Enter note:
Enter note:
There is an open door here.
Enter note:
Enter note: You closely miss the gnoll.
You hit the gnoll. x2
The gnoll hits you with a +0 flail. x2; You block the gnoll's attack.
The gnoll hits you but does no damage. The gnoll barely misses you.
The gnoll hits you with a +0 flail.
You slash the gnoll!
The gnoll is almost dead.
You closely miss the gnoll. You hit the gnoll.
The gnoll hits you from afar with a +0 halberd!
The gnoll completely misses you. You block the gnoll's attack.
The gnoll hits you but does no damage.
1333 ||| READING scroll of teleportation.
As you read the scroll of teleportation, it crumbles to dust.
You feel strangely unstable. The gnoll closely misses you.
The gnoll hits you from afar with a +0 halberd.
You block the gnoll's attack. x2
You slash the gnoll!
You kill the gnoll!
You closely miss the gnoll. You slash the gnoll!
The gnoll hits you from afar with a +0 halberd.
You die...

### #. #.. #. #.# .#+#
#.## #.# ....# #..## #.#
.....# ### ... #.#
......# ##.###.# #.#
......)####...##.#####.#
.....gg@................
......g####.....#.######
......# #..##...# ..\..#
#.####### #...# #.# ##+#
#.# #.# #.# #.#


You could see 3 gnolls.

Vanquished Creatures
  An adder (D:2)
  A gnoll (D:2)
  5 ball pythons
  4 endoplasms
  4 giant cockroaches
  2 goblins (D:1)
  2 hobgoblins
  A frilled lizard (D:2)
  A kobold (D:1)
  2 rats (D:1)
23 creatures vanquished.

Notes
Turn   | Place    | Note
-------+----------+-------------------------------------------
     0 | D:1      | qw the Gargoyle Fighter began the quest for the Orb.
     0 | D:1      | Reached XP level 1. HP: 14/14 MP: 1/1
     0 | D:1      | 0 ||| qw: Version: 0.2-a-29-g7dc7884
     0 | D:1      | 0 ||| qw: Game counter: 4030
     0 | D:1      | 0 ||| qw: Always use a shield: true
     0 | D:1      | 0 ||| qw: God list: Okawaru
     0 | D:1      | 0 ||| qw: Allow faded altars: false
     0 | D:1      | 0 ||| qw: Do Orc after D:15 true
     0 | D:1      | 0 ||| qw: Do second Lair branch before Depths: true
     0 | D:1      | 0 ||| qw: Lair rune preference: random
     0 | D:1      | 0 ||| qw: Plans: Normal, Zot:1-4, Slime:5, God:TSO, Crypt,
                  | Tomb, Abyss, Pan, Hells, Win
     0 | D:1      | 0 ||| PLANNING D:1-11
   261 | D:1      | Reached XP level 2. HP: 19/19 MP: 2/2
   265 | D:1      | 265 ||| Stepping ~*~*~tactically~*~*~ (stealth).
   266 | D:1      | 266 ||| Stepping ~*~*~tactically~*~*~ (stealth).
   267 | D:1      | 267 ||| Stepping ~*~*~tactically~*~*~ (stealth).
   484 | D:1      | Found Feotho's Assorted Antiques.
   492 | D:1      | 492 ||| BUYING brown potion (18 gold).
   492 | D:1      | Bought a brown potion for 18 gold pieces
   492 | D:1      | 492 ||| BUYING club (21 gold).
   492 | D:1      | Bought a club for 21 gold pieces
   492 | D:1      | 492 ||| BUYING metallic clear potion (18 gold).
   492 | D:1      | Bought a metallic clear potion for 18 gold pieces
   492 | D:1      | 492 ||| SHOPLISTING pair of runed boots (157 gold, have 1).
   492 | D:1      | 492 ||| SHOPLISTING sedimented golden potion (18 gold, have
                  | 1).
   805 | D:1      | 805 ||| DROPPING +0 club.
   902 | D:1      | 902 ||| UPGRADING to amulet of reflection.
   907 | D:1      | 907 ||| UPGRADING to ring of willpower.
   908 | D:1      | 908 ||| READING scroll labelled NOXYZU IBBARRI.
   909 | D:1      | 909 ||| READING 2 scrolls labelled NUCSU HEUW.
   912 | D:1      | 912 ||| READING scroll labelled PORICO PITAWN.
   913 | D:1      | 913 ||| READING 3 scrolls labelled TEBEETERUE.
   914 | D:1      | 914 ||| READING scroll labelled HATOXE BEUL.
   915 | D:1      | 915 ||| READING scroll labelled VOXTUHUYVA.
   981 | D:2      | Reached skill level 3 in Axes
  1087 | D:2      | Reached XP level 3. HP: 21/23 MP: 3/3
  1329 | D:2      | Found Iwko's Armour Emporium.
  1332 | D:2      | HP: 5/23 [gnoll/+0 halberd (7)]
  1333 | D:2      | 1333 ||| READING scroll of teleportation.
  1333 | D:2      | HP: 1/23 [gnoll/+0 halberd (4)]
  1334 | D:2      | Slain by a gnoll

Levels and vault maps discovered:
D:1:      grunt_arrival_lava_bath, layout_basic, serial_shops, shop,
          minmay_cupped
D:2:      layout_loops_corners, serial_shops, shop, kennysheep_generic_room_12

Skill      XL: |  1  2 |
---------------+-------+-----
Axes           | 2 3 |  3.1
Fighting       | |  3.2
Throwing       | |  0.9
Armour         | |  3.2
Shields        | |  3.2

Action                     || total
---------------------------++-------
  Melee: War axe           ||    84
  Throw: Javelin           ||     1
    Use: Scroll            ||     7
 Armour: Scale mail        ||    39
  Dodge: Dodged            ||    41
  Block: Buckler           ||    25

Table legend:
 A = Non-vault XP
 B = Vault XP
 C = Vault XP percentage of total XP
 D = Non-vault monster count
 E = Vault monster count
 F = Vault count percentage of total count
                 A         B        C        D         E       F
            +---------+---------+-------+---------+---------+-------
      Total |      63 |       1 |   1.6 |      22 |       1 |   4.3
            +---------+---------+-------+---------+---------+-------
        D:1 |      25 |       1 |   3.8 |      14 |       1 |   6.7
        D:2 |      38 |       0 |   0.0 |       8 |       0 |   0.0
            +---------+---------+-------+---------+---------+-------
